 Dungeon Crawl Stone Soup version 0.27-a0-29-g2d0a2396b0 (webtiles) character file.

Game seed: 8052358412556933217

110 gruber the Slasher (level 4, -5/35 HPs)
             Began as a Demonspawn Fighter on Jan 3, 2021.
             Slain by Grinder (7 damage)
             ... while paralysed by Grinder
             ... on level 3 of the Dungeon.
             The game lasted 00:01:47 (2001 turns).

gruber the Slasher (Demonspawn Fighter)             Turns: 2001, Time: 00:01:47

Health: -5/35      AC:  7    Str: 17    XL:     4   Next: 61%
Magic:  4/4        EV:  2    Int:  9    God:
Gold:   141        SH:  0    Dex: 13    Spells: 3/3 levels left

rFire    . . .     SeeInvis .   a - +0 long sword
rCold    . . .     Faith    .   c - +0 kite shield
rNeg     . . .     Spirit   .   b - +0 scale mail
rPois    .         Reflect  .   j - +0 helmet
rElec    .         Harm     .   (no cloak)
rCorr    .         Rampage  .   (no gloves)
Will     .....                  (no boots)
Stlth    ..........             (no amulet)
HPRegen  0.11/turn              (no ring)
MPRegen  0.09/turn              (no ring)

@: paralysed
A: hooves 1, powered by pain 1
a: no special abilities


You were on level 3 of the Dungeon.
You visited 1 branch of the dungeon, and saw 3 of its levels.

You collected 141 gold pieces.

Inventory:

Hand Weapons
 a - a +0 long sword (weapon)
Armour
 b - a +0 scale mail (worn)
 c - a +0 kite shield (worn)
 j - a +0 helmet (worn)
Jewellery
 g - a +6 ring of intelligence {unknown}
 l - an uncursed ring of positive energy {unknown}
Scrolls
 h - 2 scrolls of teleportation {unknown}
 n - 6 scrolls of identify {unknown}
 o - 2 scrolls of fear {unknown}
 p - 2 scrolls of enchant armour {unknown}
 q - a scroll of magic mapping {unknown}
Potions
 d - a potion of might
 e - 2 potions of haste {unknown}
 f - a potion of heal wounds {unknown}
 i - a potion of curing {unknown}
 k - 2 potions of berserk rage {unknown}
 m - 2 potions of brilliance {unknown}
 r - a potion of ambrosia {unknown}


   Skills:
 - Level 3.0 Fighting
 + Level 4.4 Long Blades
 - Level 2.6 Armour
 - Level 2.6 Shields


You had 3 spell levels left.
You didn't know any spells.
Your spell library was empty.

Dungeon Overview and Level Annotations

Branches:
Dungeon (3/15)

Altars:

Annotations:
D:3 Grinder


Innate Abilities, Weirdness & Mutations

You have large cloven feet.
You sometimes gain a little power by taking damage.


Message History

Grinder closely misses you.
You riposte.
You barely miss Grinder. Your kick misses Grinder.
Grinder is heavily wounded.
The jackal completely misses you.
Unknown command.
You closely miss Grinder.
Grinder is heavily wounded.
You block the jackal's attack. Grinder gestures at you.
You suddenly lose the ability to move!
The jackal bites you but does no damage. x2
Grinder hits you.
* * * LOW HITPOINT WARNING * * *
You writhe in agony.
* * * LOW HITPOINT WARNING * * *
The jackal bites you.
* * * LOW HITPOINT WARNING * * *
The jackal bites you but does no damage. x2
Grinder hits you!
You die...

...# ... ...## #.#
....### ###..# .
..$...######...# ..
....#...†....########...
......#######...........
.....!# #........#..
......# #...5.......
......# #...@h...##
#.....# #....h...#
#.....# #........#
#.....# #........#
#.......... ########.##<
.# .


You could see Grinder and 2 jackals.

Vanquished Creatures
  5 adders
  An ooze (D:1)
  An adder skeleton (D:2)
  A worm (D:2)
  3 dart slugs (D:1)
  2 leopard geckos
  A ball python (D:2)
  8 bats
  4 goblins
  7 hobgoblins
  A jackal (D:3)
  A quokka (D:2)
  2 frilled lizards
  6 kobolds
  8 rats
51 creatures vanquished.

Notes
Turn   | Place    | Note
-------+----------+-------------------------------------------
     0 | D:1      | gruber the Demonspawn Fighter began the quest for the Orb.
     0 | D:1      | Reached XP level 1. HP: 18/18 MP: 1/1
   222 | D:1      | Reached skill level 2 in Long Blades
   248 | D:1      | Gained mutation: You sometimes gain a little power by
                  | taking damage. [demonic ancestry]
   248 | D:1      | Reached XP level 2. HP: 21/24 MP: 2/2
   495 | D:1      | Reached skill level 3 in Long Blades
   758 | D:1      | Gained mutation: You have large cloven feet. [demonic
                  | ancestry]
   758 | D:1      | Reached XP level 3. HP: 29/29 MP: 3/3
  1660 | D:3      | Reached skill level 4 in Long Blades
  1660 | D:3      | Reached XP level 4. HP: 32/35 MP: 4/4
  1985 | D:3      | Noticed Grinder
  2000 | D:3      | Paralysed by Grinder for 4 turns
  2001 | D:3      | Slain by Grinder

Illustrated notes

Levels and vault maps discovered:
D:1:      dpeg_arrival_circle_labyrinth_c, layout_rooms, minmay_misc_feat_roman,
          serial_bayou_pond_e, amcnicky_mini_corridor_feature
D:2:      layout_loops_cross, st_stairs_12
D:3:      layout_basic, cheibrodos_sewer_entry_bend,
          minmay_randomly_rotated_circles, uniq_grinder

Skill      XL: |  1  2  3 |
---------------+----------+-----
Long Blades    | 2 3 4 |  4.4
Fighting       | |  3.0
Armour         | |  2.6
Shields        | |  2.6

Action                   |  1- 3 |  4- 6 || total
-------------------------+-------+-------++-------
Melee: Long sword        |   109 |    40 ||   149
       Kick              |    16 |     8 ||    24
Armor: Scale mail        |    55 |    30 ||    85
Dodge: Dodged            |    28 |    16 ||    44
Block: Kite shield       |    55 |    17 ||    72
       Rpst.: Long sword |     8 |     7 ||    15

Table legend: (Time is in decaauts)
 A = Elapsed time spent in this place.
 B = Non-inter-level travel time spent in this place.
 C = Inter-level travel time spent in this place.
 D = Time resting spent in this place.
 E = Time spent auto-exploring this place.
 F = Levels seen in this place.
 G = Mean time per level.
                   A        B        C        D        E       F      G
               +--------+--------+--------+--------+--------+-----+--------+
         Total |   2047 |   1991 |     56 |      0 |   1598 |   3 |  682.3 |
       Dungeon |   2047 |   1991 |     56 |      0 |   1598 |   3 |  682.3 |
               +--------+--------+--------+--------+--------+-----+--------+

Top non-repeatable levels by time:
     D:1: 938 daAuts
     D:2: 685 daAuts
     D:3: 423 daAuts
